 Dungeon Crawl Stone Soup version 0.31-a0-1025-g2e47921a08 (webtiles) character file.

Game seed: 18106566092148290953

279 kae the Vexing (level 6, -1/41 HPs)
             Began as a Demonspawn Enchanter on Nov 17, 2023.
             Succumbed to a water moccasin's poison
             ... in a sewer.
             The game lasted 00:03:58 (3217 turns).

kae the Vexing (Demonspawn Enchanter)               Turns: 3217, Time: 00:03:59

Health: -1/41      AC:  7    Str: 16    XL:     6   Next: 5%
Magic:  4/10       EV: 16    Int: 20    God:
Gold:   187        SH:  4    Dex: 12    Spells: 3/11 levels left

rFire   + . .        h - +0 dagger (flame)
rCold   + + .        (no shield)
rNeg    . . .        m - +2 leather armour {rC+}
rPois   .            n - +1 helmet
rElec   .            r - scarf {rC+ rF+}
rCorr   .            (no gloves)
SInv    .            (no boots)
Will    .....        A - amulet of the acrobat
Stlth   ++           S - +6 ring of strength
HPRegen 0.26/turn    E - +5 ring of evasion
MPRegen 0.12/turn

%: acrobat
@: lethally poisoned (-1 -> -18), hasted, very quick
A: large bone plates 1, powered by pain 1, clever 1
a: no special abilities


You were in a sewer.
You visited 1 branch of the dungeon, and saw 4 of its levels.
You also visited: Sewer.

You collected 187 gold pieces.


Innate Abilities, Weirdness & Mutations

You are partially covered in large bone plates. (SH +4)
You sometimes gain a little power by taking damage.
Your mind is acute. (Int +4, Str/Dex -1)


   Skills:
 * Level 3.2 Short Blades
 - Level 1.7 Dodging
 + Level 3.6 Stealth
 + Level 3.0 Spellcasting
 + Level 3.8 Hexes
 + Level 1.7 Ice Magic


You had 3 spell levels left.
You knew the following spells:

 Your Spells              Type           Power      Damage    Failure   Level
a - Ensorcelled Hibernat  Hex/Ice        28%        N/A       9%          2
b - Confusing Touch       Hex            18%        N/A       11%         3
c - Tukima's Dance        Hex            18%        N/A       11%         3

Your spell library contained the following spells:

 Spells                   Type           Power      Damage    Failure   Level
 Dazzling Flash           Conj/Hex       20%        N/A       24%         3
 Passwall                 Tmut/Erth      2%         N/A       26%         2
 Swiftness                Air            3%         N/A       45%         3
 Dimensional Bullseye     Hex/Tloc       5%         N/A       61%         4
 Iskenderun's Mystic Bla  Conj/Tloc      3%         2d3       86%         4

Inventory:

Hand Weapons
 a - a +1 dagger
 h - a +0 dagger of flaming (weapon)
   (You took it off a kobold on level 1 of the Dungeon)
Missiles
 f - 3 throwing nets {=f!f}
 g - 27 stones
 o - 4 datura-tipped darts
 q - 12 poisoned darts
Armour
 b - a +0 robe
 m - a +2 leather armour of cold resistance (worn)
   (You found it on level 4 of the Dungeon)
 n - a +1 helmet (worn)
   (You found it on level 2 of the Dungeon)
 r - a scarf of resistance (worn)
   (You found it on level 2 of the Dungeon)
Jewellery
 l - a ring of willpower
   (You found it on level 4 of the Dungeon)
 A - an amulet of the acrobat (around neck)
   (You found it on level 2 of the Dungeon)
 E - a +5 ring of evasion (right hand)
   (You found it on level 2 of the Dungeon)
 S - a +6 ring of strength (left hand)
   (You took it off a hobgoblin on level 1 of the Dungeon)
Scrolls
 d - a scroll of teleportation {@r4}
 i - 3 scrolls of fear
Potions
 c - 2 potions of invisibility
 e - a potion of degeneration {unknown}
 j - 2 potions of enlightenment
 k - a potion of might {unknown}
 s - 2 potions of heal wounds {unknown}

Dungeon Overview and Level Annotations

Branches:
Dungeon (4/15) Zot: 20931   Sewer (1/1) Zot: 5876
 Temple: D:4-7

Altars:

Shops:
D:2 (

Annotations:
Sewer exclusion: water moccasin

#.~.# #~..#
#.~## ##~.#
#..# #..#
#..# #~.#
#.~## ##..#
#.~~# #...#
##.~###~.##
#..~#...#
##....@##
#~.~..#
##~..##
#...#
$.#.#~
#?)#.#)? ##
##


There were no monsters in sight!


Message History

Placed new exclusion.
You enter the shallow water.
Moving in this stuff is going to be slow.
Partly explored, can't reach some items and places.
Partly explored, can't reach some items and places.
Partly explored, can't reach some items and places.
Partly explored, can't reach some items and places.
Unknown command.
You aren't carrying any items that you can evoke.
Unknown command.
Okay, then.
Okay, then.
Okay, then.
Casting: Ensorcelled Hibernation (safe; 10% risk of failure)
Confirm with . or Enter, or press ? or * to list all spells.
Aiming: Ensorcelled Hibernation (safe; 10% risk of failure)
Press: ? - help, Shift-Dir - straight line, f - water moccasin
Aim: a water moccasin (chance to affect: 46%)
The water moccasin resists with some effort.
You block the water moccasin's attack. The water moccasin bites you.
You are poisoned.
The water moccasin poisons you! 😕 HP[-3] MP[-2]
You take 3 damage, and now have 32/35 hp.
You lost 2 mp, and now have 7/9 mp.
Casting: Ensorcelled Hibernation (safe; 10% risk of failure)
Confirm with . or Enter, or press ? or * to list all spells.
Aiming: Ensorcelled Hibernation (safe; 10% risk of failure)
Press: ? - help, Shift-Dir - straight line, f/p - water moccasin
Aim: a water moccasin (chance to affect: 46%)
The water moccasin resists with some effort.
You feel very sick.
The water moccasin misses you. 😕 HP[-3] MP[-2]
You take 3 damage, and now have 29/35 hp.
You lost 2 mp, and now have 5/9 mp.
Unknown command.
Casting: Ensorcelled Hibernation (safe; 10% risk of failure)
Confirm with . or Enter, or press ? or * to list all spells.
Aiming: Ensorcelled Hibernation (safe; 10% risk of failure)
Press: ? - help, Shift-Dir - straight line, f/p - water moccasin
Aim: a water moccasin (chance to affect: 46%)
The water moccasin looks drowsy...
You feel very sick. 😮 HP[-3] MP[-2]
You take 3 damage, and now have 26/35 hp.
You lost 2 mp, and now have 3/9 mp.
Unknown command.
The helpless water moccasin fails to defend itself.
You impale the water moccasin!! You burn the water moccasin!
You feel sick.
The water moccasin completely misses you.
Unknown command.
You closely miss the water moccasin.
You feel sick. The water moccasin bites you!
* * * LOW HITPOINT WARNING * * *
The water moccasin barely misses you. 😨 HP[-9]
You take 9 damage, and now have 17/35 hp.
MASSIVE DAMAGE!! (PAUSE)
You miss the water moccasin.
You feel sick.
The water moccasin bites you but does no damage. 😨 HP[-1]
You take 1 damage, and now have 16/35 hp.
Unknown command.
You barely miss the water moccasin.
You feel sick.
The water moccasin barely misses you. 😨 HP[-1]
You take 1 damage, and now have 15/35 hp.
Unknown command.
You closely miss the water moccasin.
You feel sick. The water moccasin misses you. 😨 HP[-1]
You take 1 damage, and now have 14/35 hp.
Unknown command.
You hit the water moccasin but do no damage.
You feel sick. The water moccasin bites you.
* * * LOW HITPOINT WARNING * * *
You are more poisoned.
The water moccasin poisons you! 😨 HP[-1]
You take 1 damage, and now have 13/35 hp.
You closely miss the water moccasin.
You feel sick. The water moccasin misses you. The water moccasin bites you.
* * * LOW HITPOINT WARNING * * *
You are more poisoned.
The water moccasin poisons you! 😱 HP[-7] MP[+1]
You take 7 damage, and now have 6/35 hp.
You hit the water moccasin. You burn the water moccasin.
You kill the water moccasin!
* * * LOW HITPOINT WARNING * * *
You feel very sick.
Your Short Blades skill increases to level 3!
Your Spellcasting skill increases to level 3!
You have reached level 6! 😱 HP[-3]
You now have 41 max hp (+6).
There is a lethal amount of poison in your body!
It was a potion of haste.
You feel yourself speed up.
You die...

Skill      XL: |  1  2  3  4  5 |
---------------+----------------+-----
Short Blades   | 1 2 3 |  3.2
Stealth        | 3 |  3.6
Ice Magic      | 1 |  1.7
Spellcasting   | 3 |  3.0
Dodging        | |  1.7
Hexes          | |  3.8

Action                     |  1- 3 |  4- 6 || total
---------------------------+-------+-------++-------
  Melee: Dagger            |   146 |   153 ||   299
   Cast: Ensorcelled Hiber |    18 |    17 ||    35
    Use: Potion            |     3 |     4 ||     7
         Scroll            |     1 |     6 ||     7
   Stab: Invisible         |     3 |       ||     3
         Sleeping          |    12 |    15 ||    27
 Armour: Robe              |    79 |    30 ||   109
         Skin              |       |    22 ||    22
         Leather armour    |       |    11 ||    11
  Dodge: Dodged            |   109 |    95 ||   204
  Block: Other             |       |    22 ||    22

Levels and vault maps discovered:
D:1:      dpeg_arrival_refuge, layout_basic, basic_ecumenical_altar
D:2:      minmay_skewed_foursquare, layout_loops_cross, serial_shops, shop,
          hangedman_decor_push
D:3:      layout_basic
D:4:      layout_cave_pools, portal_sewer_entry_a, minivault_5, st_stairs_5,
          minmay_misc_feat_tiny, hangedman_decor_clover_reticule
Sewer:    sewer_the_moccasin

Notes
Turn   | Place    | Note
-------+----------+-------------------------------------------
     0 | D:1      | kae the Demonspawn Enchanter began the quest for the Orb.
     0 | D:1      | Reached XP level 1. HP: 13/13 MP: 3/3
     0 | D:1      | magus.rc [v1.11.3]
    42 | D:1      | Reached skill level 1 in Short Blades
   144 | D:1      | HP: 3/13 [jackal (3)]
   145 | D:1      | HP: 1/13 [ball python (2)]
   199 | D:1      | Gained mutation: You sometimes gain a little power by
                  | taking damage. [demonic ancestry]
   199 | D:1      | Reached XP level 2. HP: 19/19 MP: 5/5
   206 | D:1      | Learned a level 2 spell: Ensorcelled Hibernation
   379 | D:1      | HP: 4/19 [hobgoblin (3)]
   381 | D:1      | HP: 1/19 [hobgoblin (3)]
   619 | D:1      | Gained mutation: Your mind is acute. (Int +4, Str/Dex -1)
                  | [potion of mutation]
   624 | D:1      | Reached skill level 3 in Stealth
   632 | D:1      | Reached XP level 3. HP: 23/24 MP: 1/6
   680 | D:1      | Learned a level 3 spell: Confusing Touch
   803 | D:1      | Found a faded altar of an unknown god.
  1149 | D:2      | HP: 6/24 [poisoned by an adder]
  1151 | D:2      | Reached skill level 2 in Short Blades
  1423 | D:2      | Gained mutation: You are partially covered in large bone
                  | plates. (SH +4) [demonic ancestry]
  1423 | D:2      | Reached XP level 4. HP: 24/30 MP: 2/7
  1638 | D:2      | You pick up a book of Weapons and begin reading...
  1638 | D:2      | You add the spells Dimensional Bullseye and Iskenderun's
                  | Mystic Blast to your library.
  1858 | D:2      | Found Iletied's Weapon Emporium.
  2052 | D:3      | You pick up a book of Burglary and begin reading...
  2052 | D:3      | You add the spells Passwall and Swiftness to your library.
  2300 | D:3      | Reached skill level 1 in Ice Magic
  2322 | D:3      | HP: 3/30 [something/magic dart (6)]
  2331 | D:3      | HP: 11/45 [something/puff of flame (7)]
  2340 | D:3      | HP: 11/45 [something (2)]
  2348 | D:3      | HP: 11/45 [something (1)]
  2496 | D:3      | Reached XP level 5. HP: 35/35 MP: 6/9
  2904 | D:3      | Learned a level 3 spell: Tukima's Dance
  3053 | D:4      | Found a glowing drain.
  3096 | Sewer    | Entered a sewer
  3183 | Sewer    | Noticed a water moccasin
  3215 | Sewer    | HP: 6/35 [water moccasin (5)]
  3216 | Sewer    | Killed a water moccasin
  3216 | Sewer    | HP: 2/35 [poisoned by a water moccasin]
  3217 | Sewer    | Reached skill level 3 in Short Blades
  3217 | Sewer    | Reached skill level 3 in Spellcasting
  3217 | Sewer    | Reached XP level 6. HP: 3/41 MP: 4/10
  3217 | Sewer    | Succumbed to a water moccasin's poison

Vanquished Creatures
  A water moccasin (Sewer)
  2 orc wizards (D:3)
  3 adders (D:2)
  A river rat (D:4)
  3 worms
  A dart slug (D:3)
  An orc (D:3)
  4 bats
  7 endoplasms
  2 giant cockroaches (D:4)
  5 goblins
  7 hobgoblins
  12 jackals
  A quokka (D:1)
  9 ball pythons
  5 frilled lizards
  5 kobolds
  5 rats
74 creatures vanquished.

Table legend:
 A = Non-vault XP
 B = Vault XP
 C = Vault XP percentage of total XP
 D = Non-vault monster count
 E = Vault monster count
 F = Vault count percentage of total count
                 A         B        C        D         E       F
            +---------+---------+-------+---------+---------+-------
      Total |     204 |     195 |  48.9 |      56 |      18 |  24.3
            +---------+---------+-------+---------+---------+-------
        D:1 |      48 |       0 |   0.0 |      28 |       0 |   0.0
        D:2 |      57 |       7 |  10.9 |      12 |       4 |  25.0
        D:3 |      95 |       0 |   0.0 |      14 |       0 |   0.0
        D:4 |       4 |      33 |  89.2 |       2 |      11 |  84.6
      Sewer |       0 |     155 | 100.0 |       0 |       3 | 100.0
            +---------+---------+-------+---------+---------+-------

Skill      XL: |  1  2  3  4  5 |
---------------+----------------+-----
Short Blades   | 1 2 3 |  3.2
Stealth        | 3 |  3.6
Ice Magic      | 1 |  1.7
Spellcasting   | 3 |  3.0
Dodging        | |  1.7
Hexes          | |  3.8

Action                     |  1- 3 |  4- 6 || total
---------------------------+-------+-------++-------
  Melee: Dagger            |   146 |   153 ||   299
   Cast: Ensorcelled Hiber |    18 |    17 ||    35
    Use: Potion            |     3 |     4 ||     7
         Scroll            |     1 |     6 ||     7
   Stab: Invisible         |     3 |       ||     3
         Sleeping          |    12 |    15 ||    27
 Armour: Robe              |    79 |    30 ||   109
         Skin              |       |    22 ||    22
         Leather armour    |       |    11 ||    11
  Dodge: Dodged            |   109 |    95 ||   204
  Block: Other             |       |    22 ||    22

Illustrated notes

Table legend:
 A = Kills in this place as a percentage of kills in the entire game.
 B = Kills by you in this place as a percentage of kills by you in the entire game.
 C = Kills by friends in this place as a percentage of kills by friends in the entire game.
 D = Other kills in this place as a percentage of other kills in the entire game.
 E = Experience gained in this place as a percentage of experience gained in the entire game.
 F = Experience gained in this place divided by the number of levels of this place that you have seen.
                   A       B       C       D       E      F
               +-------+-------+-------+-------+-------+----------------------
         Total | 100.0 | 100.0 |   N/A |   N/A | 100.0 |  79.8
       Dungeon |  95.9 |  95.9 |   N/A |   N/A |  61.2 |  61.0
         Sewer |   4.1 |   4.1 |   N/A |   N/A |  38.8 | 155.0
               +-------+-------+-------+-------+-------+----------------------

Table legend: (Time is in decaauts)
 A = Elapsed time spent in this place.
 B = Non-inter-level travel time spent in this place.
 C = Inter-level travel time spent in this place.
 D = Time resting spent in this place.
 E = Time spent auto-exploring this place.
 F = Levels seen in this place.
 G = Mean time per level.
                   A        B        C        D        E       F      G
               +--------+--------+--------+--------+--------+-----+--------+
         Total |   3192 |   3137 |     55 |    210 |   2237 |   5 |  638.4 |
       Dungeon |   3068 |   3013 |     55 |    210 |   2149 |   4 |  767.0 |
         Sewer |    123 |    123 |      0 |      0 |     88 |   1 |  123.0 |
               +--------+--------+--------+--------+--------+-----+--------+

Top non-repeatable levels by time:
     D:3: 1009 daAuts
     D:1: 952 daAuts
     D:2: 938 daAuts
     D:4: 168 daAuts
   Sewer: 123 daAuts
